 Dungeon Crawl Stone Soup version 0.20.2-3-g29329e0561 (webtiles) character file.

351 Alfie the Shield-Bearer (level 6, -2/47 HPs)
             Began as a Hill Orc Fighter on Dec 20, 2023.
             Killed from afar by Natasha (8 damage)
             ... with a magic dart
             ... on level 4 of the Dungeon.
             The game lasted 00:08:56 (2969 turns).

Alfie the Shield-Bearer (Hill Orc Fighter)          Turns: 2969, Time: 00:08:57

Health: -2/47      AC:  0    Str: 21    XL:     6   Next: 61%
Magic:  6/6        EV: 18    Int:  8    God:
Gold:   131        SH:  0    Dex: 15    Spells: 5/5 levels left

rFire    . . .     SeeInvis .   (weapon currently unavailable)
rCold    . . .     Gourm    .   (shield currently unavailable)
rNeg     . . .     Faith    .   (armour currently unavailable)
rPois    .         Spirit   .   (helmet currently unavailable)
rElec    .         Reflect  .   (cloak currently unavailable)
rCorr    .         Harm     .   (gloves currently unavailable)
MR       .....                  (boots currently unavailable)
Stlth    +.........             (no amulet)
Regen    0.2/turn               (ring currently unavailable)
MPRegen  0.1/turn               (ring currently unavailable)

@: bat-form, flying, slowed, quick
A: frail 1
a: no special abilities


You were on level 4 of the Dungeon.
You were not hungry.
You were in bat-form.
You visited 1 branch of the dungeon, and saw 4 of its levels.

You collected 131 gold pieces.

Inventory:

Hand Weapons
 a - a +0 rapier (melded)
Armour
 b - a +1 scale mail (melded)
 c - a +0 shield (melded)
Jewellery
 e - an uncursed ring of wizardry
 h - an uncursed ring of ice
 i - a +2 ring of protection {unknown}
 t - a cursed +6 ring of dexterity {unknown}
Scrolls
 j - a scroll of amnesia {unknown}
 n - a scroll of immolation {unknown}
 o - a scroll of identify
 s - a scroll of recharging {unknown}
Potions
 d - 3 potions of might
 g - 2 potions of flight
 k - a potion of lignification
 l - a potion of brilliance
 m - a potion of haste
 p - 3 potions of heal wounds {unknown}
 r - 2 potions of magic {unknown}
Books
 u - a book of Misfortune

   Spells                             Type                      Level
   a - Confusing Touch                Hexes                        1
   b - Confuse                        Hexes                        3
   c - Gell's Gravitas                Translocation                3
   d - Petrify                        Transmutation/Earth          4
   e - Metabolic Englaciation         Hexes/Ice                    5
   f - Yara's Violent Unravelling     Hexes/Transmutation          5
Comestibles
 f - 2 bread rations


   Skills:
 + Level 4.6 Fighting
 + Level 3.8 Short Blades
 + Level 4.7 Armour
 + Level 1.2 Dodging
 + Level 5.0 Shields


You had 5 spell levels left.
You didn't know any spells.

Dungeon Overview and Level Annotations

Branches:
Dungeon (4/15)
 Temple: D:4-7

Altars:
Dithmenos
Nemelex Xobeh
Trog
Uskayaw
Vehumet

Annotations:
D:4 2 transporters, Natasha


Innate Abilities, Weirdness & Mutations

((You are mostly covered in slimy green scales. (AC +3)))
((You are partially covered in thin metallic scales. (AC +2)))
You are frail. (-10% HP)


Message History

The magic dart hits you!
* * * LOW HITPOINT WARNING * * *
You hit Natasha but do no damage.
Natasha is severely wounded.
Natasha barely misses you.
You completely miss Natasha.
Natasha is severely wounded.
Natasha claws you.
* * * LOW HITPOINT WARNING * * *
You hit Natasha but do no damage.
Natasha is severely wounded.
Natasha zaps a wand.
You resist with some effort.
You hit Natasha but do no damage.
Natasha is severely wounded.
Natasha zaps a wand.
You resist with some effort. Natasha closely misses you.
You hit Natasha but do no damage.
Natasha is severely wounded.
Natasha casts a spell at you. The magic dart hits you!
You die...

###..##.....©......#
..............####.###
###..####.##..#...!..#
#..####.##.......#.#
#.......##..#.##.#.####
#...######.......#....(
#...# #!#..##.######
#...######.#.###.#
#...5hb....).....# ####
######....####.##.##### #.<.
#.......†........r..#####...
................>.#.#.....†.
#..............#..#)....#...
#####.......##.#..#.###.#...
#...............# #.####
#....#..##......###.#
#....#..####..#.....####


You could see Natasha and a shadow imp.

Vanquished Creatures
  A sky beast (D:3)
  2 orc priests
  An orc wizard (D:3)
  6 adders
  An ooze (D:1)
  An adder skeleton (D:4)
  2 worms (D:2)
  A dart slug (D:2)
  2 leopard geckos
  6 orcs
  4 giant cockroaches
  8 goblins
  9 hobgoblins
  15 jackals
  10 kobolds
  A quokka (D:4)
  2 ball pythons
  11 bats
  6 frilled lizards
  7 rats
96 creatures vanquished.

Notes
Turn   | Place    | Note
-------+----------+-------------------------------------------
     0 | D:1      | Alfie the Hill Orc Fighter began the quest for the Orb.
     0 | D:1      | Reached XP level 1. HP: 19/19 MP: 1/1
    57 | D:1      | Reached XP level 2. HP: 26/27 MP: 2/2
   167 | D:1      | Reached XP level 3. HP: 22/33 MP: 3/3
   773 | D:1      | Reached skill level 4 in Shields
  1075 | D:2      | Found a sparkling altar of Nemelex Xobeh.
  1091 | D:2      | Found a shadowy altar of Dithmenos.
  1121 | D:2      | Noticed a dagger
  1122 | D:2      | Found a hide-covered altar of Uskayaw.
  1123 | D:2      | Noticed a dagger
  1257 | D:2      | Reached XP level 4. HP: 17/40 MP: 4/4
  1281 | D:2      | HP: 2/40 [poisoned by an adder]
  1639 | D:2      | Found a radiant altar of Vehumet.
  1780 | D:2      | Gained mutation: You are partially covered in slimy green scales. (AC +2) [potion of mutation]
  1780 | D:2      | Gained mutation: You are mostly covered in slimy green scales. (AC +3) [potion of mutation]
  1780 | D:2      | Gained mutation: You are frail. (-10% HP) [potion of mutation]
  1780 | D:2      | Gained mutation: You are partially covered in thin metallic scales. (AC +2) [potion of mutation]
  1783 | D:2      | Reached XP level 5. HP: 5/42 MP: 5/5
  2089 | D:3      | Noticed a sky beast
  2129 | D:3      | Killed a sky beast
  2129 | D:3      | Reached skill level 1 in Dodging
  2129 | D:3      | Reached XP level 6. HP: 21/47 MP: 6/6
  2393 | D:3      | Found a bloodstained altar of Trog.
  2814 | D:4      | HP: 2/47 [orc priest/divine providence (12)]
  2845 | D:4      | Reached skill level 5 in Shields
  2907 | D:4      | Found a transporter.
  2910 | D:4      | Noticed a troll
  2911 | D:4      | Found a transporter.
  2940 | D:4      | Noticed Natasha
  2969 | D:4      | Killed from afar by Natasha

Skill      XL: |  1  2  3  4  5  6 |
---------------+-------------------+-----
Fighting       | 4 |  4.6
Shields        | 4 5 |  5.0
Armour         | 4 |  4.7
Short Blades   | 3 |  3.8
Dodging        | 1 |  1.2

Action                   |  1- 3 |  4- 6 || total
-------------------------+-------+-------++-------
Melee: Rapier            |   194 |   263 ||   457
       Unarmed           |       |     7 ||     7
  Use: Potion            |       |     7 ||     7
       Scroll            |       |     3 ||     3
  Eat: Bread ration      |     1 |       ||     1
       Fruit             |       |     4 ||     4
Armor: Scale mail        |   119 |   142 ||   261
       Skin              |       |     4 ||     4
Dodge: Dodged            |    50 |    87 ||   137
Block: Shield            |    99 |   150 ||   249
